Map: Simulacrum LE

Players

CatZ

  • Race: Zerg Zerg
  • League: Grandmaster
  • Spawn Location: 5:00

BerryRAWR - Winner!

  • Race: Terran Terran
  • League: Grandmaster
  • Spawn Location: 11:00

VOD

Have the link to the VOD?

Description

Time

  • Played on: March 3, 2020, 1:48 a.m.
  • Length: 16:59
Show
View Real Time Build Order
Export as new Build Order

CatZ Zerg 

Build Orders: 3 Hatch before Pool, Muta Ling Bane 

Get SALT Encoding   

  12  0:01  Drone  
  13  0:12  Overlord  
  13  0:20  Drone  
  14  0:30  Drone x2  
  14  0:34  Drone  
  17  0:45  Drone  
  18  0:57  Hatchery  
  17  1:17  Hatchery  
  16  1:20  Drone  
  16  1:24  Drone  
  18  1:37  Spawning Pool  
  17  1:40  Drone  
  17  1:43  Drone  
  20  1:47  Drone  
  20  1:56  Overlord  
  20  2:03  Drone  
  21  2:10  Drone  
  22  2:20  Hatchery  
  21  2:23  Drone  
  21  2:24  Drone  
  23  2:31  Queen  
  23  2:34  Drone  
  23  2:36  Drone  
  27  2:39  Drone  
  28  2:47  Queen  
  30  2:51  Drone x2  
  30  2:54  Zergling x2  
  30  2:56  Zergling x2  
  30  2:58  Zergling x2  
  35  3:04  Extractor  
  34  3:05  Queen  
  34  3:10  Drone x2  
  36  3:21  Drone x3  
  36  3:25  Queen  
  36  3:26  Drone  
  42  3:29  Overlord  
  42  3:34  Drone x2  
  42  3:36  Drone  
  42  3:40  Queen  
  47  3:43  Overlord  
  47  3:47  Drone  
  47  3:48  Drone  
  49  3:54  Overlord  
  49  3:55  Spine Crawler  
  46  4:00  Spore Crawler, Overlord  
  45  4:05  Queen  
  45  4:09  Zergling x4  
  49  4:15  Queen  
  51  4:24  Evolution Chamber  
  51  4:28  Evolution Chamber  
  51  4:30  Drone x2, Queen  
  53  4:31  Drone x2  
  55  4:40  Zergling x10  
  57  4:48  Zergling x2  
  57  4:50  Zergling x4  
  57  4:52  Zergling x2  
  59  4:54  Zergling x4  
  59  4:55  Zergling x4  
  53  5:10  Queen x2  
  53  5:16  Zergling x4  
  55  5:26  Zergling x2  
  52  5:31  Queen  
  51  5:43  Drone  
  48  5:56  Zergling x2  
  49  6:04  Overlord  
  49  6:05  Drone  
  49  6:06  Drone  
  49  6:09  Drone  
  52  6:14  Lair  
  52  6:19  Pneumatized Carapace  
  52  6:24  Baneling Nest  
  51  6:28  Drone x3  
  51  6:29  Drone  
  51  6:31  Drone  
  56  6:34  Drone  
  56  6:35  Drone  
  56  6:38  Drone  
  56  6:39  Drone  
  60  6:42  Metabolic Boost  
  60  6:44  Zergling x2, Extractor  
  60  6:49  Spine Crawler  
  60  6:51  Spore Crawler  
  58  6:59  Zergling x10  
  58  7:00  Zergling x2  
  58  7:01  Zergling x2  
  65  7:11  Baneling  
  65  7:12  Baneling x3  
  65  7:14  Baneling  
  65  7:16  Queen x2  
  65  7:18  Queen  
  65  7:20  Drone  
  65  7:22  Drone  
  73  7:25  Extractor x2, Drone  
  72  7:35  Baneling x2  
  66  7:46  Baneling x2  
  64  7:53  Drone x2  
  64  7:55  Zergling x2  
  64  7:56  Zergling x4  
  67  8:00  Drone x3  
  67  8:01  Drone  
  67  8:03  Drone x2  
  67  8:04  Drone  
  74  8:10  Overseer  
  72  8:20  Spire, Drone x2  
  72  8:22  Overlord  
  73  8:33  Overlord  
  73  8:39  Overlord  
  73  8:40  Zerg Ground Armor Level 1  
  73  8:43  Drone  
  73  8:44  Drone x6  
  73  8:45  Drone  
  81  8:52  Zerg Melee Weapons Level 1  
  81  9:01  Drone  
  81  9:02  Drone x2  
  84  9:04  Queen  
  86  9:11  Zergling x6  
  86  9:12  Centrifical Hooks, Overlord  
  86  9:13  Overlord  
  89  9:18  Extractor x2  
  89  9:19  Hatchery, Overlord  
  89  9:21  Zergling x4  
  89  9:24  Zergling x2  
  89  9:25  Overlord  
  89  9:30  Hatchery  
  88  9:32  Mutalisk x3  
  88  9:36  Drone  
  88  9:37  Drone x4  
  98  9:38  Drone  
  98  9:44  Baneling  
  98  9:45  Baneling x3  
  98  9:46  Baneling  
  85  10:08  Drone  
  85  10:13  Drone x2  
  85  10:14  Drone  
  70  10:15  Overlord  
  70  10:19  Mutalisk  
  70  10:20  Zergling x16  
  70  10:21  Zergling x10, Queen x2  
  81  10:23  Zergling x4  
  81  10:26  Mutalisk  
  81  10:27  Zergling x2  
  84  10:29  Zergling x2  
  84  10:35  Overseer  
  61  10:57  Queen, Drone  
  61  11:03  Drone  
  61  11:04  Drone x8  
  70  11:15  Drone x4  
  70  11:16  Drone  
  75  11:35  Zergling x8  
  79  11:40  Hatchery  
  79  11:46  Baneling x4  
  78  11:51  Zergling x4  
  78  11:52  Zergling x10  
  78  11:53  Baneling  
  78  11:54  Baneling  
  85  12:02  Baneling  
  85  12:03  Zergling x2, Baneling  
  85  12:04  Zergling x12  
  86  12:16  Zergling x2  
  86  12:17  Zergling x12  
  86  12:19  Baneling x2  
  86  12:21  Baneling x2  
  92  12:29  Zergling x4  
  91  12:31  Baneling x2  
  91  12:32  Zergling x8  
  91  12:34  Zergling x6  
  96  12:39  Zergling x4  
  96  12:42  Zergling x2  
  80  12:56  Zergling x2, Mutalisk  
  79  13:04  Zergling x4, Queen  
  83  13:07  Zergling x10  
  83  13:11  Drone  
  89  13:14  Zergling x2, Extractor  
  89  13:15  Extractor  
  89  13:19  Zergling x2  
  89  13:23  Zergling x2  
  89  13:26  Baneling x3  
  92  13:29  Zergling x4  
  92  13:30  Zergling x6, Extractor  
  92  13:33  Zergling x2  
  97  13:35  Corruptor  
  94  13:46  Baneling  
  94  13:47  Baneling x3  
  94  13:48  Zergling x6  
  84  13:49  Queen x2  
  84  13:51  Zergling x2  
  87  13:58  Zergling x6  
  72  14:10  Zergling x2  
  72  14:13  Mutalisk  
  72  14:14  Zergling x4  
  72  14:15  Zergling x2  
  72  14:16  Zergling x2  
  71  14:22  Zergling x4  
  65  14:29  Zergling x4  
  65  14:30  Zergling x8, Queen x2  
  70  14:32  Extractor  
  69  14:41  Drone x3  
  69  14:42  Drone  
  72  14:50  Zergling x6  
  75  14:53  Zergling x2  
  76  15:00  Corruptor  
  76  15:02  Zergling x4  
  76  15:03  Drone  
  76  15:04  Drone x3  
  82  15:13  Corruptor  
  77  15:19  Zergling x6  
  64  15:29  Zergling x8  
  64  15:33  Zergling x4  
  69  15:36  Zergling x4  
  69  15:40  Zergling x2  
  69  15:42  Zergling x4  
  65  15:45  Zergling x2  
  65  15:46  Zergling x6  
  64  15:50  Zergling x6  
  64  15:55  Zergling x4, Queen x2  
  66  16:03  Zergling x2  
  62  16:05  Zergling x2  
  57  16:11  Zergling x2  
  57  16:19  Zergling x4  
  57  16:25  Baneling x3  
  59  16:26  Baneling  
  59  16:27  Baneling  
  59  16:33  Drone x2  
  59  16:39  Drone x2  
Show
View Real Time Build Order
Export as new Build Order

BerryRAWR Terran - Winner!

Build Orders: 1/1/1, Hellion Opening 

Get SALT Encoding   

  12  0:00  SCV  
  13  0:13  SCV  
  14  0:18  Supply Depot  
  14  0:25  SCV  
  15  0:29  Refinery  
  15  0:39  SCV  
  16  0:46  Barracks  
  16  0:51  SCV  
  17  1:03  SCV  
  18  1:15  SCV  
  19  1:33  Orbital Command  
  19  1:35  Marine  
  19  1:36  Factory  
  20  1:42  Refinery  
  20  1:45  Supply Depot  
  21  1:56  Barracks Reactor  
  21  1:59  SCV  
  21  2:11  SCV  
  22  2:22  Starport  
  22  2:23  SCV  
  22  2:26  Supply Depot  
  23  2:38  Hellion  
  23  2:39  Hellion  
  23  2:43  SCV  
  28  2:46  Marine  
  29  2:53  Supply Depot  
  29  3:00  Hellion x2  
  29  3:04  Marine, Viking  
  36  3:08  Armory  
  36  3:21  Hellion x2  
  36  3:23  Marine  
  36  3:26  SCV  
  42  3:32  Supply Depot  
  42  3:36  Medivac  
  44  3:41  Marine  
  45  3:53  Hellion  
  45  3:54  Hellion  
  49  3:59  SCV  
  50  4:05  Marine  
  50  4:08  Starport Tech Lab  
  51  4:11  SCV  
  51  4:15  Hellion  
  54  4:19  Supply Depot  
  54  4:41  Hellion x2  
  58  4:52  Raven, Barracks Tech Lab  
  57  5:07  SCV  
  57  5:09  Command Center  
  57  5:19  SCV, Hellion x2  
  58  5:27  Marine  
  58  5:28  Stimpack  
  59  5:31  SCV  
  49  5:47  Hellion x2  
  49  5:48  Marine  
  52  5:55  SCV  
  51  5:57  Banshee  
  51  5:58  Cloaking Field  
  54  6:07  SCV  
  54  6:08  Marine  
  54  6:09  Hellion x2  
  56  6:18  Command Center  
  56  6:20  SCV  
  57  6:30  Orbital Command  
  57  6:42  Banshee  
  60  6:53  Hellion x4  
  64  6:54  SCV  
  64  6:56  Marine  
  64  6:57  Orbital Command  
  62  7:02  Barracks  
  62  7:03  Barracks  
  62  7:06  SCV, Factory Reactor  
  63  7:18  SCV, Supply Depot  
  63  7:20  Supply Depot  
  64  7:24  Marine, Combat Shield  
  65  7:31  SCV  
  65  7:35  Starport Reactor  
  60  7:46  Hellion x2  
  60  7:47  SCV  
  58  7:58  SCV  
  58  7:59  SCV  
  58  8:00  Engineering Bay  
  58  8:03  Engineering Bay, Orbital Command  
  60  8:10  SCV  
  59  8:15  Marine x2  
  59  8:16  Marine  
  59  8:18  SCV  
  63  8:23  SCV  
  64  8:28  Terran Infantry Weapons Level 1, Terran Infantry Armor Level 1  
  64  8:31  Refinery x2  
  64  8:33  SCV  
  65  8:36  Marine x5  
  65  8:38  Medivac x2  
  65  8:40  Siege Tank  
  77  8:47  SCV  
  77  8:48  SCV  
  79  8:53  Supply Depot x2  
  79  8:56  Marine, Barracks  
  79  9:00  Barracks  
  80  9:08  Marine x4  
  84  9:12  Siege Tank  
  87  9:21  Marine  
  87  9:24  SCV x2  
  90  9:25  Marine  
  90  9:26  Marine x3  
  90  9:29  Supply Depot  
  90  9:31  Supply Depot  
  94  9:35  Orbital Command  
  94  9:36  SCV  
  94  9:37  SCV  
  96  9:39  Marine  
  96  9:43  Marine x3  
  96  9:44  Marine x2  
  105  9:49  Marine  
  86  10:11  Marine x4  
  86  10:12  Marine x3  
  91  10:14  Thor  
  91  10:20  SCV x2  
  94  10:23  Missile Turret  
  93  10:29  Marine x5  
  93  10:34  Marine x2  
  98  10:47  Marine x2  
  94  10:55  Marine x3  
  94  10:56  Marine x2  
  87  10:57  SCV x2  
  87  10:58  Missile Turret  
  87  11:00  SCV  
  90  11:04  Marine, Medivac x2  
  95  11:12  SCV x3  
  95  11:15  Bunker  
  98  11:23  Marine x3  
  98  11:24  Marine x2  
  103  11:27  Marine  
  103  11:28  Marine  
  103  11:31  Missile Turret  
  105  11:33  SCV  
  105  11:34  Medivac x2  
  105  11:35  SCV  
  105  11:37  SCV  
  112  11:45  SCV  
  112  11:46  Marine x2  
  114  12:01  Marine x4  
  112  12:04  Medivac  
  112  12:05  Marine x2  
  104  12:17  Marine, Siege Tank  
  104  12:19  Marine  
  109  12:28  Marine  
  109  12:29  Marine x3  
  111  12:30  SCV x3, Barracks Reactor  
  111  12:35  Marine, Medivac x2  
  111  12:37  Marine  
  118  12:42  SCV x3  
  121  12:45  Marine  
  121  12:46  Marine  
  121  12:47  Marine x2  
  104  12:53  Marine  
  104  12:54  Marine  
  98  13:01  SCV  
  98  13:02  SCV x2  
  98  13:05  Medivac x2  
  98  13:06  Siege Tank  
  98  13:08  Marine  
  98  13:09  Terran Infantry Weapons Level 2  
  106  13:15  SCV  
  107  13:23  Marine  
  107  13:24  Marine x5, Marauder  
  107  13:26  Marine  
  116  13:28  SCV x2  
  116  13:32  SCV  
  119  13:35  Medivac x2  
  119  13:38  Supply Depot  
  119  13:40  SCV x2  
  125  13:41  Marine x3  
  125  13:45  Marine  
  125  13:46  Marine  
  125  13:48  Marine  
  123  13:49  Siege Tank  
  126  14:00  Marine x2  
  123  14:05  Medivac x2  
  114  14:13  Marine  
  114  14:16  Marine  
  112  14:21  Siege Tank  
  109  14:25  Marine  
  109  14:28  Marine x3  
  109  14:29  Marine  
  109  14:31  Marine  
  109  14:32  SCV  
  109  14:33  Barracks Reactor  
  109  14:34  Marine  
  109  14:35  Medivac x2  
  109  14:37  Command Center  
  113  14:43  Marine  
  108  14:46  Marine x3  
  108  14:47  Marine  
  108  14:49  Marine  
  108  14:50  SCV x2  
  108  14:51  Marine  
  116  14:53  Siege Tank  
  119  15:01  Marine  
  119  15:04  Marine x3  
  119  15:05  Marine, Medivac  
  119  15:06  Marine  
  127  15:09  Marine  
  127  15:17  Marine  
  127  15:19  Marine  
  129  15:22  Marine  
  129  15:23  Marine x2, Marauder  
  125  15:32  Marine x2  
  125  15:34  Marine  
  128  15:36  Concussive Shells  
  126  15:45  Marauder  
  124  15:52  Marine x2  
  124  15:53  Marine x5  
  125  15:58  Marine, Command Center  
  125  16:01  Command Center  
  123  16:06  Marauder  
  123  16:09  SCV x3  
  123  16:10  Marine  
  120  16:18  Siege Tank  
  120  16:19  Medivac x2  
  120  16:22  Marine x2  
  120  16:24  Marine  
  130  16:26  Refinery  
  130  16:27  Marauder  
  130  16:32  Refinery  
  132  16:33  Marine  
  132  16:35  Marine  
  132  16:37  Missile Turret  
  134  16:41  Marine x2  
Tags
 
Add a new tag
Caveats
  • Supply blocks, unpowered buildings, or Contaminate may cause inaccurate times.
  • Supply counts are checked every 10 seconds.